 Dungeon Crawl Stone Soup version 0.28-a0-612-gcfc00ec14d (webtiles) character file.

Game seed: 9707809169173161392

2195 siradein the Ruffian (level 9, -9/85 HPs)
             Began as a Troll Transmuter on Oct 5, 2021.
             Was a Follower of Wu Jian.
             Mangled by an orc (10 damage)
             ... in a bailey.
             The game lasted 00:24:34 (5965 turns).

siradein the Ruffian (Troll Transmuter)             Turns: 5965, Time: 00:24:36

Health: -9/85      AC:  5    Str: 17 (20) XL:     9   Next: 12%
Magic:  13/13      EV: 10    Int:  8 (11) God:    Wu Jian [*.....]
Gold:   313        SH:  0    Dex:  8 (11) Spells: 9/15 levels left

rFire   . . .      SeeInvis .     - Unarmed
rCold   . . .      Faith    .   (no shield)
rNeg    . . .      Spirit   .   a - +0 robe
rPois   .          Reflect  .   (helmet restricted)
rElec   .          Harm     .   E - +0 cloak
rCorr   .          Rampage  .   (gloves unavailable)
Will    .....                   (boots unavailable)
Stlth   +.........              (no amulet)
HPRegen 1.24/turn               (no ring)
MPRegen 0.13/turn               (no ring)

@: no status effects
A: large, unfitting armour, claws 3, regeneration 1, shaggy fur 1, tough skin 1
a: Renounce Religion


You were in a bailey.
You worshipped Wu Jian.
Wu Jian was aware of your devotion.
You visited 2 branches of the dungeon, and saw 8 of its levels.
You also visited: Sewer, Ossuary and Bailey.

You collected 313 gold pieces.

Inventory:

Missiles
 p - 14 poisoned darts
Armour
 a - a +0 robe (worn)
 E - a +0 cloak (worn)
Jewellery
 m - an amulet of guardian spirit
 F - a ring of willpower
 G - a +6 ring of intelligence
Wands
 r - a wand of mindburst (14)
 C - a wand of paralysis (5)
 D - a wand of polymorph (4)
Scrolls
 c - a scroll of fog {unknown}
 d - 2 scrolls of brand weapon
 e - a scroll of immolation
 k - a scroll of summoning {unknown}
 l - 2 scrolls of teleportation {unknown}
 n - a scroll of torment {unknown}
 o - a scroll of noise
 u - 2 scrolls of enchant armour {unknown}
 v - 2 scrolls of blinking {unknown}
 w - 3 scrolls of fear {unknown}
 y - 5 scrolls of identify
 z - 2 scrolls of amnesia {unknown}
 A - a scroll of vulnerability {unknown}
 B - a scroll of enchant weapon {unknown}
Potions
 b - a potion of lignification {unknown}
 f - a potion of mutation {unknown}
 g - 3 potions of heal wounds {unknown}
 h - 3 potions of curing
 i - 4 potions of might {unknown}
 j - 2 potions of haste {unknown}
 q - 6 potions of degeneration
 s - 2 potions of flight {unknown}
 t - a potion of attraction {unknown}
 x - a potion of invisibility {unknown}


   Skills:
 + Level 4.5 Fighting
 + Level 4.7 Dodging
 + Level 6.1 Unarmed Combat
 + Level 3.6 Spellcasting
 + Level 4.2 Transmutations


You had 9 spell levels left.
You knew the following spells:

 Your Spells              Type           Power      Damage    Failure   Level
a - Beastly Appendage     Tmut           16%        N/A       5%          1
b - Wereblood             Tmut           8%         N/A       8%          2
c - Spider Form           Tmut/Pois      2%         N/A       36%         3

Your spell library contained the following spells:

 Spells                   Type           Power      Damage    Failure   Level
 Passwall                 Tmut/Erth      3%         N/A       19%         2
 Corpse Rot               Necr/Air       N/A        N/A       43%         2
 Poisonous Vapours        Pois/Air       2%         N/A       43%         2
 Swiftness                Air            1%         N/A       67%         3
 Ice Form                 Ice/Tmut       4%         N/A       77%         4
 Invisibility             Hex            0%         N/A       100%        6


Dungeon Overview and Level Annotations

Branches:
Dungeon (7/15)             Temple (1/1) D:6           Sewer (visited)
Ossuary (visited)          Bailey (1/1)

Altars:
Ashenzari
Fedhas
Gozag
Hepliaklqana
Kikubaaqudgha
Makhleb
Nemelex Xobeh
Okawaru
Qazlal
Ru
Sif Muna
Trog
Uskayaw
Vehumet
Wu Jian
Xom
Yredelemnul
Zin
The Shining One

Shops:
D:4 [

Annotations:
D:4 2 runed translucent doors, Shard1697's ghost, amateur DjIE


Innate Abilities, Weirdness & Mutations

You are too large for most types of armour.
You have claws for hands.
Your natural rate of healing is unusually fast.
You are covered in fur. (AC +1)
You have tough skin. (AC +1)


Message History

The orc hits you from afar with a +0 trident.
* * * LOW HITPOINT WARNING * * *
There is an open door here.
The centaur throws a javelin.
The javelin misses you.
The orc hits you from afar with a +0 trident.
* * * LOW HITPOINT WARNING * * *
The orc hits you from afar with a +0 trident.
* * * LOW HITPOINT WARNING * * *
You lunge at the orc.
You mangle the orc!!
You kill the orc!
The Council accepts your kill.
You lunge at the orc.
You scratch the orc.
The orc is severely wounded.
The orc barely misses you.
You scratch the orc but do no damage.
The orc is severely wounded.
The orc hits you from afar with a +0 halberd.
* * * LOW HITPOINT WARNING * * *
The orc hits you with a +0 trident.
* * * LOW HITPOINT WARNING * * *
You scratch the orc.
You kill the orc!
The Council accepts your kill. The orc closely misses you.
You lunge at the orc.
You scratch the orc but do no damage. The orc hits you with a +0 spear.
* * * LOW HITPOINT WARNING * * *
The orc barely misses you.
You scratch the orc but do no damage. The orc hits you with a +0 spear.
* * * LOW HITPOINT WARNING * * *
The orc hits you with a +0 halberd!
* * * LOW HITPOINT WARNING * * *
The orc completely misses you. The orc barely misses you.
It was a potion of degeneration.
There was something very wrong with that liquid.
You feel weakened.
You feel dopey.
You feel clumsy.
The orc hits you from afar with a +0 spear.
* * * LOW HITPOINT WARNING * * *
The orc hits you from afar with a +0 halberd!
You die...

#..≈≈..≈.≈..≈≈.
#≈..⌠#.≈≈.≈≈≈.≈≈≈.≈≈
#≈..##.≈.≈≈...).≈≈.≈
#≈..#o≈≈.≈.≈≈≈≈≈)≈.≈
#≈..#.≈.≈≈.≈...≈)≈≈.
#≈..#.≈.≈.≈≈...≈≈.≈.
#≈..#.≈.≈.≈.⌠∩⌠.≈.≈.
#≈..#.≈.≈.≈..∩..≈.≈.
#≈.@#o≈.≈o≈.⌠∩⌠.≈)≈.
#≈..#o≈.≈c≈≈...≈≈.≈.
#≈oo#.≈.≈≈.≈...≈)≈≈.
#≈.)#.≈≈.≈o≈≈.≈≈.≈.≈
#≈..'..≈.≈≈.≈.≈.≈≈.≈
#≈..#.....≈≈...≈≈...
##..#......≈≈≈≈≈....
##.#≈≈≈≈.........≈≈
######≈≈⌠$.$.$⌠≈≈#


You could see 2 orcs.

Vanquished Creatures
  Sigmund (D:5)
  An ice beast (D:5)
  A black bear (D:5)
  2 ogres (D:4)
  2 phantoms (D:5)
  2 elf zombies (Ossuary)
  5 kobold brigands (Sewer)
  2 scorpions (D:5)
  3 centaur zombies
  A bullfrog zombie (D:5)
  2 hounds
  A human zombie (Ossuary)
  A jelly (D:3)
  Crazy Yiuf (D:5)
  An orc priest (D:3)
  A bullfrog skeleton (D:5)
  2 iguanas
  A scorpion zombie (D:5)
  2 orc wizards (D:6)
  Natasha (thrice) (D:2)
  A killer bee zombie (D:6)
  2 mummies (Ossuary)
  9 adders
  6 gnolls
  2 river rats
  3 white imps
  2 adder skeletons (D:4)
  2 adder zombies (Ossuary)
  5 worms (Sewer)
  A dart slug (D:2)
  21 orcs
  11 endoplasms
  7 giant cockroaches
  6 goblins
  5 hobgoblins
  3 jackals (D:2)
  5 quokkas
  12 ball pythons
  3 bats
  5 frilled lizards
  7 hobgoblin zombies (Ossuary)
  A jackal zombie (Ossuary)
  10 kobolds
  8 kobold zombies (Ossuary)
  10 orc zombies (Ossuary)
  10 rats
  3 rat zombies (Ossuary)
195 creatures vanquished.

Vanquished Creatures (others)
  A centaur (Bailey)
  An orc (Bailey)
  8 fungi (D:4)
  2 plants (D:4)
  5 toadstools (D:4)
17 creatures vanquished.

Grand Total: 212 creatures vanquished

Notes
Turn   | Place    | Note
-------+----------+-------------------------------------------
     0 | D:1      | siradein the Troll Transmuter began the quest for the Orb.
     0 | D:1      | Reached XP level 1. HP: 18/18 MP: 1/1
   126 | D:1      | Reached skill level 1 in Fighting
   133 | D:1      | Reached XP level 2. HP: 24/27 MP: 3/3
   453 | D:2      | Noticed Natasha
   561 | D:2      | Killed Natasha
   562 | D:2      | Reached XP level 3. HP: 33/33 MP: 2/4
   587 | D:2      | Noticed Natasha
   593 | D:2      | Killed Natasha
   594 | D:2      | Reached XP level 4. HP: 35/41 MP: 5/5
   656 | D:2      | Noticed Natasha
   668 | D:2      | Killed Natasha
  1110 | D:3      | Learned a level 2 spell: Wereblood
  1148 | D:3      | Reached XP level 5. HP: 49/49 MP: 6/6
  1323 | D:3      | Found a sacrificial altar of Ru.
  1404 | D:3      | HP: 2/49 [orc priest (7)]
  1454 | D:3      | Reached skill level 4 in Unarmed Combat
  1711 | D:4      | Noticed an ogre
  1711 | D:4      | Found Cumuwnoc's Antique Armour Shop.
  1720 | D:4      | Killed an ogre
  1721 | D:4      | Reached XP level 6. HP: 21/58 MP: 6/8
  1812 | D:4      | Found a glowing drain.
  1821 | Sewer    | Entered a sewer
  2513 | Sewer    | Reached XP level 7. HP: 60/66 MP: 7/9
  2812 | D:4      | Learned a level 3 spell: Spider Form
  2961 | D:4      | Found a large runed translucent door.
  2961 | D:4      | Noticed an ironbound preserver
  2961 | D:4      | Noticed Shard1697's ghost (amateur DjIE)
  2962 | D:4      | Noticed a vault guard
  2962 | D:4      | Found a large runed translucent door.
  2962 | D:4      | Noticed a vault warden
  3144 | D:4      | HP: 1/67 [ogre (19)]
  3534 | D:5      | Entered Level 5 of the Dungeon
  3545 | D:5      | Reached skill level 5 in Unarmed Combat
  3562 | D:5      | Reached XP level 8. HP: 69/75 MP: 11/11
  3576 | D:5      | Noticed Sigmund
  3591 | D:5      | Killed Sigmund
  3845 | D:5      | Found a runed translucent door.
  3846 | D:5      | Noticed Crazy Yiuf
  4448 | D:5      | Killed Crazy Yiuf
  4817 | D:6      | Found a staircase to the Ecumenical Temple.
  4826 | Temple   | Entered the Ecumenical Temple
  4990 | Temple   | Became a worshipper of the Wu Jian Council
  5573 | D:7      | Found a flagged portal.
  5601 | D:7      | Found a sand-covered staircase.
  5608 | Ossuary  | Entered an ossuary
  5717 | Ossuary  | Reached skill level 6 in Unarmed Combat
  5717 | Ossuary  | Reached XP level 9. HP: 78/85 MP: 10/13
  5721 | Ossuary  | Reached * piety under Wu Jian
  5897 | Bailey   | Entered a bailey
  5963 | Bailey   | HP: 2/85 [orc (11)]
  5965 | Bailey   | Mangled by an orc

Illustrated notes

Levels and vault maps discovered:
D:1:      amcnicky_arrival_flooded_fountain, layout_rooms
D:2:      layout_rooms, uniq_natasha
D:3:      layout_rooms, nicolae_ru_path_of_blood, minmay_misc_feat_five,
          grunt_ministairs_13
D:4:      layout_gridville, portal_sewer_entry_e, serial_shops,
          nicolae_stop_n_shop_2, advil_vaults_ghost_guards,
          chequers_serial_rivers_room_a, serial_bayou_pond_a,
          minmay_gold_behind_fungi, minmay_misc_feat_tower,
          chequers_serial_rivers_large_a
D:5:      layout_basic, uniq_sigmund, uniq_crazy_yiuf_cottage
D:6:      layout_basic, temple_green
D:7:      layout_rooms, slow_altar_1, chequers_ossuary_entry_cave,
          enter_bailey_2
Temple:   regret_index_temple_mists
Bailey:   bailey_polearm_flooded_kennysheep, bailey

Skill      XL: |  1  2  3  4  5  6  7  8 |
---------------+-------------------------+-----
Fighting       | 1 2 3 4 |  4.5
Dodging        | 2 3 4 |  4.7
Transmutations | 2 3 4 |  4.2
Spellcasting   | 2 3 |  3.6
Unarmed Combat | 4 5 6 |  6.1

Action                   |  1- 3 |  4- 6 |  7- 9 || total
-------------------------+-------+-------+-------++-------
Melee: Unarmed           |    60 |   208 |   306 ||   574
       Kick              |     2 |     8 |    55 ||    65
       Punch             |     1 |       |     3 ||     4
       Headbutt          |       |     6 |    26 ||    32
 Cast: Beastly Appendage |     1 |     7 |    34 ||    42
       Wereblood         |       |     5 |     5 ||    10
Invok: Lunge             |       |       |    12 ||    12
  Use: Scroll            |       |     5 |     1 ||     6
       Potion            |       |       |     2 ||     2
Armor: Robe              |    13 |    73 |    89 ||   175
Dodge: Dodged            |    30 |   114 |   175 ||   319

Table legend: (Time is in decaauts)
 A = Elapsed time spent in this place.
 B = Non-inter-level travel time spent in this place.
 C = Inter-level travel time spent in this place.
 D = Time resting spent in this place.
 E = Time spent auto-exploring this place.
 F = Levels seen in this place.
 G = Mean time per level.
                   A        B        C        D        E       F      G
               +--------+--------+--------+--------+--------+-----+--------+
         Total |   6194 |   6048 |    146 |    550 |   3953 |  11 |  563.1 |
       Dungeon |   4496 |   4350 |    146 |    225 |   3087 |   7 |  642.3 |
        Temple |    232 |    232 |      0 |      0 |    168 |   1 |  232.0 |
         Sewer |   1151 |   1151 |      0 |    325 |    589 |   1 | 1151.0 |
       Ossuary |    246 |    246 |      0 |      0 |    108 |   1 |  246.0 |
        Bailey |     66 |     66 |      0 |      0 |      0 |   1 |   66.0 |
               +--------+--------+--------+--------+--------+-----+--------+

Top non-repeatable levels by time:
   Sewer: 1151 daAuts
     D:5: 934 daAuts
     D:6: 918 daAuts
     D:4: 852 daAuts
     D:3: 613 daAuts
     D:2: 557 daAuts
     D:1: 552 daAuts
 Ossuary: 246 daAuts
  Temple: 232 daAuts
     D:7: 67 daAuts
  Bailey: 66 daAuts
